AoeStats
← Gnam

Black Forest

510377997Analyzed
2v2 RM · 1d ago on Sep 30, 2026· 35m 35s· 4 players
Game mode
Random Map
Map size
Medium (4 player)
Population
200
Speed
Normal
Resources
Standard
Victory
Conquest
Starting age
Dark Age
Ending age
Imperial Age
RankedLock teamsTeams togetherTeam positionsShared explorationLock speedFull tech treeHidden civsTurbo modeCheats
Victory
Defeat
🇨🇿 Cumans · Czechia
1151
+11
🇨🇿 Hindustanis · Czechia
1088
+14
🇩🇪 Danes · Germany
1044
-13
🇩🇪 Maya · Germany
1036
-12
Gnam
3:38 Loom
12:36 Feudal Age
17:27 Castle Age
19:26 Scale Mail Armor
27:25 Forging
27:05 Double-Bit Axe
Stone159
9:07 Loom
10:56 Feudal Age
10:26 Loom
11:33 Double-Bit Axe
19:44 Castle Age
18:22 Horse Collar
20:26 Wheelbarrow
19:36 Town Watch
20:05 Fletching
20:58 Bow Saw
21:58 Hand Cart
23:07 Hand Cart
23:22 Man-at-Arms
25:01 Capped Ram
26:46 Bloodlines
29:53 Heavy Plow
31:02 Forging
34:14 Town Patrol
Hans
0:56 Loom
11:55 Feudal Age
13:21 Double-Bit Axe
13:44 Town Watch
16:31 Castle Age
15:58 Horse Collar
18:12 Wheelbarrow
22:26 Scale Mail Armor
24:32 Forging
25:24 Chain Mail Armor
KI (Standard)
0:39 Loom
12:13 Feudal Age
13:11 Horse Collar
13:20 Double-Bit Axe
20:10 Castle Age
19:25 Scale Mail Armor
19:36 Forging
20:21 Eagle Warrior
31:07 Padded Archer Armor
31:26 Chain Mail Armor
34:50 Padded Archer Armor
34:40 Fletching
35:26 Iron Casting
Connection lost

Rejoining the realm…

Still unreachable

The connection could not be restored.

Session expired

The server has moved on; the page needs a fresh start.